 Dungeon Crawl Stone Soup version 0.30-a0-476-g330ca2eb8e (webtiles) character file.

Game seed: 4110455627027064946

86 tilp the Shield-Bearer (level 5, -2/66 (69) HPs)
             Began as a Meteoran Fighter on Dec 21, 2022.
             Was an Initiate of Hepliaklqana.
             Slain by a wight
             ... wielding a +1 long sword of freezing
              (4 damage)
             ... in a sewer.
             The game lasted 00:03:20 (529 turns).

tilp the Shield-Bearer (Meteoran Fighter)            Turns: 529, Time: 00:03:21

HP:   -2/66 (69)    AC: 22    Str: 18    XL:     5   Next: 7%
MP:   6/6           EV:  2    Int:  9    God:    Hepliaklqana [......]
Gold: 11            SH:  5    Dex: 15    Spells: 4/4 levels left

rFire   . . .      SeeInvis .    a - +0 long sword
rCold   . . .      Faith    .    c - +0 buckler
rNeg    . . .      Spirit   .    (body armour currently unavailable)
rPois   +          Reflect  .    (helmet currently unavailable)
rElec   .          Harm     .    (cloak currently unavailable)
rCorr   .          Rampage  .    (gloves currently unavailable)
Will    .....      NoTele   +    (boots currently unavailable)
Stlth   +.........               (no amulet)
HPRegen 0.31/turn                (no ring)
MPRegen 0.10/turn                (no ring)

@: mighty, lethally poisoned (-2 -> -3), tree-form, hasted, glowing, lightly
drained, very quick
A: stationary, stasis, torment immunity, boosted hp, sense surroundings 1,
otherworldly, glowing, explore regen
a: Renounce Religion


You were in a sewer.
You worshipped Hepliaklqana.
Hepliaklqana was noncommittal.
You were a tree.
You visited 2 branches of the dungeon, and saw 5 of its levels.
You also visited: Sewer.

You collected 11 gold pieces.

Inventory:

Hand Weapons
 a - a +0 long sword (weapon)
Missiles
 e - 26 stones (quivered)
Armour
 b - a +0 scale mail (melded)
 c - a +0 buckler (worn)
Scrolls
 g - a scroll of teleportation {unknown}
 h - a scroll of identify {unknown}


   Skills:
 + Level 3.7 Fighting
 + Level 3.1 Long Blades
 - Level 4.0 Armour
 * Level 2.5 Dodging
 + Level 1.1 Stealth
 - Level 4.0 Shields


You had 4 spell levels left.
You didn't know any spells.
Your spell library contained the following spells:

 Spells                   Type           Power      Damage    Failure   Level
 Apportation              Tloc           0%         N/A       45%         1
 Necrotise                Necr           0%         1d4       45%         1
 Summon Small Mammal      Summ           0%         N/A       45%         1


Dungeon Overview and Level Annotations

Branches:
Dungeon (4/15) Zot: 1998   Temple (1/1) D:4 Zot: 589   Sewer (1/1) Zot: 430

Altars:
Cheibriados
Dithmenos
Elyvilon
Hepliaklqana
Kikubaaqudgha
Makhleb
Uskayaw
Vehumet
Wu Jian
Xom
Yredelemnul


Innate Abilities, Weirdness & Mutations

You are a tree.
Your roots penetrate the ground, keeping you stationary.
You cannot be teleported.
You are immune to unholy pain and torment.
Your maximum health is greatly increased.
Your equipment is partially melded.
You passively map a small area around you.
You are easily found by Zot.
You glow in the dark.
You regain HP and MP as you explore.


Message History

The kobold throws a poisoned dart.
You block the poisoned dart.
Unknown command.
It was a potion of lignification.
You turn into a tree.
Your +0 scale mail melds into your body.
Your roots penetrate the ground.
You feel sick.
The kobold shouts!
The wight hits you but does no damage. The kobold hits you but does no damage.
Unknown command.
Unknown command.
Unknown command.
It was a potion of haste.
You feel yourself speed up.
You feel sick. You block the kobold's attack.
The wight hits you with a +1 long sword of freezing!
* * * LOW HITPOINT WARNING * * *
The wight freezes you.
* * * LOW HITPOINT WARNING * * *
Unknown command.
Unknown command.
You hit the wight.
The wight is severely damaged.
You feel sick. The kobold hits you but does no damage.
The wight hits you but does no damage.
You closely miss the wight.
The wight is severely damaged.
You feel sick. The wight hits you but does no damage.
You block the kobold's attack.
Unknown command.
You hit the wight.
The wight is severely damaged.
You feel sick. The kobold completely misses you. The wight barely misses you.
You completely miss the wight.
The wight is severely damaged.
You feel sick. The wight hits you but does no damage.
The kobold hits you but does no damage.
You hit the wight but do no damage.
The wight is severely damaged.
You feel sick.
The kobold throws a poisoned dart.
The poisoned dart completely misses you.
The wight hits you with a +1 long sword of freezing.
You die...

*
≈≈≈≈≈≈...#~~≈≈≈≈#
≈≈~≈~#..)#~≈≈≈≈≈#
~
~~~~...≈K)..≈≈≈≈#
*
~≈...#≈≈≈#..~..≈#
.....#≈≈≈#.....)#
#######≈#######)#
.....#...#......#
~~~~K.....≈.≈~≈~#
≈≈≈#K♣.#~≈≈≈≈~# *
* *####z#########
* #KB.# * * * * ~
...⌠... ~ ,
+.......+,
,+.⌠._.⌠.+ , , *
,+.......+, *
#..⌠.⌠..# *
##.....##*** *


You could see a wight, a giant cockroach and 4 kobolds.

Vanquished Creatures
  2 adders
  A river rat (D:3)
  A shadow imp (Sewer)
  An ufetubus (Sewer)
  A worm (D:3)
  2 dart slugs
  6 ball pythons
  6 bats
  A bat zombie (Sewer)
  3 endoplasms
  2 giant cockroaches
  A hobgoblin (D:3)
  2 jackals (D:2)
  8 kobolds
  A quokka (D:2)
  A kobold zombie (Sewer)
  3 rats
42 creatures vanquished.

Notes
Turn   | Place    | Note
-------+----------+-------------------------------------------
     0 | D:1      | tilp the Meteoran Fighter began the quest for the Orb.
     0 | D:1      | Reached XP level 1. HP: 19/19 MP: 2/2
    38 | D:1      | Reached XP level 2. HP: 21/26 MP: 3/3
   121 | D:2      | Reached skill level 1 in Dodging
   121 | D:2      | Reached XP level 3. HP: 11/31 MP: 4/4
   178 | D:4      | Found a staircase to the Ecumenical Temple.
   195 | Temple   | Entered the Ecumenical Temple
   200 | Temple   | Became a worshipper of Hepliaklqana the Forgotten
   239 | D:2      | Reached XP level 4. HP: 18/38 MP: 5/5
   343 | D:3      | Found a glowing drain.
   363 | D:3      | Reached skill level 1 in Stealth
   377 | Sewer    | Entered a sewer
   475 | Sewer    | Reached XP level 5. HP: 38/46 MP: 6/6
   512 | Sewer    | Found an ancient bone altar of Kikubaaqudgha.
   528 | Sewer    | HP: 3/66 [poisoned by a kobold]
   529 | Sewer    | Slain by a wight

Illustrated notes

Levels and vault maps discovered:
D:1:      matt_arrival_los_fun, layout_basic
D:2:      layout_basic, ebering_ecumenical_altar_petrified
D:3:      layout_loops_cross, cheibrodos_sewer_entry_sluice
D:4:      layout_loops_ring, temple_fountains, minivault_25
Temple:   minmay_freezing_vapour_temple
Sewer:    kennysheep_sewer_church

Skill      XL: |  1  2  3  4 |
---------------+-------------+-----
Dodging        | 1 2 |  2.5
Shields        | 4 |  4.0
Stealth        | 1 |  1.1
Long Blades    | 3 |  3.1
Armour         | 4 |  4.0
Fighting       | |  3.7

Action                   |  1- 3 |  4- 6 || total
-------------------------+-------+-------++-------
Melee: Long sword        |    76 |   102 ||   178
  Use: Scroll            |       |     1 ||     1
       Potion            |       |     3 ||     3
Armor: Scale mail        |    64 |    74 ||   138
       Skin              |       |     7 ||     7
Dodge: Dodged            |    51 |    68 ||   119
Block: Buckler           |    22 |    42 ||    64

Table legend: (Time is in decaauts)
 A = Elapsed time spent in this place.
 B = Non-inter-level travel time spent in this place.
 C = Inter-level travel time spent in this place.
 D = Time resting spent in this place.
 E = Time spent auto-exploring this place.
 F = Levels seen in this place.
 G = Mean time per level.
                   A        B        C        D        E       F      G
               +--------+--------+--------+--------+--------+-----+--------+
         Total |    580 |    525 |     55 |      0 |      0 |   6 |   96.7 |
       Dungeon |    401 |    346 |     55 |      0 |      0 |   4 |  100.2 |
        Temple |     10 |     10 |      0 |      0 |      0 |   1 |   10.0 |
         Sewer |    168 |    168 |      0 |      0 |      0 |   1 |  168.0 |
               +--------+--------+--------+--------+--------+-----+--------+

Top non-repeatable levels by time:
   Sewer: 168 daAuts
     D:3: 161 daAuts
     D:2: 124 daAuts
     D:1: 72 daAuts
     D:4: 43 daAuts
  Temple: 10 daAuts
